Condors vs Ice Hogs

Created - Thursday, October 22, 2015 at 03:25

Goals
1 2 3 OT1 SO T
Condors 0 0 1 0 1 2
Ice Hogs 0 1 0 0 0 1
Shots
1 2 3 OT1 SO T
Condors 4 5 9 2 3 20
Ice Hogs 4 15 11 4 3 34

1st period

No Goal

Penalties :
Jean-Philippe Cote (RIH) for Elbowing (Minor) at 4:54

2nd period

1. Ice Hogs , Seth Griffith 7 (Jean-Philippe Cote) at 9:49

Penalties :
Travis Morin (RIH) for Delaying the game (Minor) at 1:23, Ryan Parent (BAK) for Holding (Minor) at 16:52

3rd period

2. Condors , Steven Kampfer 1 (Turner Elson) at 0:04

Penalties :
Rob Bordson (BAK) for Tripping (Minor) at 3:58, Oscar Lindberg (RIH) for Delaying the game (Minor) at 10:25

Overtime #1

No Goal

Penalties :
No Penalty

Shootout

Penalty Shot by Teemu Pulkkinen for Condors - Stopped by Yann Danis
Penalty Shot by Travis Morin for Ice Hogs - Shot Misses the Net
Penalty Shot by Reid Boucher for Condors - Stopped by Yann Danis
Penalty Shot by Colin McDonald for Ice Hogs - Shot Misses the Net
Penalty Shot by Tyler Graovac for Condors - Goal!
Penalty Shot by Oscar Lindberg for Ice Hogs - Shot Misses the Net

Penalties :
No Penalty

Goalie Stats

Joe Cannata (BAK), 33 saves from 34 shots - (0.971), W, 2-0-0, 65:00 minutes
Yann Danis (RIH), 19 saves from 20 shots - (0.950), OTL, 4-3-1, 65:00 minutes

Players Stats for Condors

Player Name              G  A  P  +/- PIM S  H  SB GA TA FO     MP     PP MP  PK MP  
------------------------------------------------------------------------------------
Anthony Bitetto          0  0  0   1  0   0  3  0  0  1  0/0    22:25   3:07   2:20 
Bill Arnold              0  0  0  -1  0   2  1  0  2  1  5/14   14:42   0:00   0:00 
Daniel New               0  0  0   0  0   0  0  0  0  0  0/0     5:13   0:00   0:00 
Jeremie Blain            0  0  0  -1  0   1  2  2  0  3  0/0    21:13   2:50   1:38 
John Negrin              0  0  0   0  0   0  1  1  0  1  0/0    16:08   0:00   0:00 
Ken Agostino             0  0  0  -1  0   0  0  0  0  0  1/2    15:04   0:00   0:00 
Kevin Goumas             0  0  0   1  0   0  1  0  0  1  0/0    17:17   0:00   0:00 
Kris Newbury             0  0  0   0  0   3  2  0  4  0  3/4    22:46   2:55   1:46 
Michael Mersch           0  0  0   0  0   0  2  1  0  0  1/3     8:35   1:33   0:00 
Pat Cannone              0  0  0   0  0   1  0  0  1  0  2/4    15:52   2:55   1:58 
Reid Boucher             0  0  0  -1  0   2  0  1  1  1  0/1    18:13   3:02   0:14 
Rob Bordson              0  0  0   1  2   1  2  0  0  0  5/9    18:54   1:01   0:00 
Ryan Parent              0  0  0   0  2   0  2  2  0  1  0/0    16:43   0:00   0:00 
Steven Kampfer           1  0  1   1  0   4  4  0  0  5  0/0    27:38   3:07   2:20 
Teemu Pulkkinen          0  0  0   0  0   5  0  0  6  0  2/4    16:26   3:02   1:58 
Tommy Cross              0  0  0  -1  0   0  1  1  0  0  0/0    21:13   2:50   1:38 
Turner Elson             0  1  1   1  0   1  1  0  2  1  2/4    19:11   0:28   1:46 
Tyler Graovac            0  0  0   0  0   0  0  2  2  0  6/11   18:22   2:55   0:14 

Players Stats for Ice Hogs

Player Name              G  A  P  +/- PIM S  H  SB GA TA FO     MP     PP MP  PK MP  
------------------------------------------------------------------------------------
Alexey Marchenko         0  0  0   0  0   3  1  0  0  2  0/0    22:39   2:12   2:58 
Anton Volchenkov         0  0  0   0  0   3  4  1  1  3  0/0    24:20   1:46   4:03 
Colin McDonald           0  0  0   0  0   4  1  0  3  0  0/1    15:37   1:55   0:00 
Derek Hulak              0  0  0   0  0   5  1  0  3  0  0/0    12:43   0:00   0:00 
Frank Corrado            0  0  0   0  0   3  1  0  1  0  0/0    20:12   1:46   2:59 
Jean-Philippe Cote       0  1  1   0  2   0  3  2  0  3  0/0    24:18   2:12   1:54 
Mathieu Brodeur          0  0  0   0  0   0  1  0  1  0  0/0    19:24   0:00   0:00 
Matt Fraser              0  0  0   0  0   1  3  1  3  0  0/2    14:30   2:03   0:00 
Oscar Lindberg           0  0  0   0  2   2  0  0  2  1  7/11   17:50   0:00   1:57 
Petr Straka              0  0  0   0  0   0  0  0  0  0  0/0    14:48   0:00   0:00 
Ryan Haggerty            0  0  0   0  0   1  0  0  0  0  0/0    12:43   0:00   0:00 
Scott Wilson             0  0  0   0  0   2  0  0  2  0  2/2    14:45   1:55   1:30 
Seth Griffith            1  0  1   0  0   5  0  0  3  0  1/3    18:40   2:03   3:06 
T.J. Tynan               0  0  0   0  0   0  1  0  1  1  5/7    12:43   0:00   0:00 
Tim Schaller             0  0  0   0  0   3  4  0  1  0  12/21  18:40   2:03   3:06 
Travis Morin             0  0  0   0  2   2  3  1  2  0  2/9    18:05   1:55   1:51 
Viktor Svedberg          0  0  0   0  0   0  3  3  0  0  0/0    19:24   0:00   0:00 
Will Acton               0  0  0   0  0   0  0  0  1  1  0/0    12:34   0:00   0:24 

3 Stars

1 - Joe Cannata (BAK)
2 - Steven Kampfer (BAK)
3 - Yann Danis (RIH)

Power Play

Condors - 0 on 3 Attempt(s) - 0.00%
Ice Hogs - 0 on 2 Attempt(s) - 0.00%

Penalty Kill

Condors - 2 on 2 Attempt(s) - 100.00% - Score 0 goal in Penalty Kill
Ice Hogs - 3 on 3 Attempt(s) - 100.00% - Score 0 goal in Penalty Kill

Team Stat

Condors - Hits : 22 - Faceoff Wins : 27 - Blocked Shots : 10 - Penalty Minutes : 4
Ice Hogs - Hits : 26 - Faceoff Wins : 29 - Blocked Shots : 8 - Penalty Minutes : 6

Official

Referees : Unknown
Linesman : Unknown

Game Notes

Michael Mersch is injured at 9:24 of 2nd period (Torso)

Finance

Level 1 -- Attendance: 1508 (75.40%) -- Ticket Income $52,780
Level 2 -- Attendance: 749 (74.90%) -- Ticket Income $11,235
Total Attendance: 2257 (75.23%)
Total Ticket Income: $64,015
Other Income: $31,367
Total Income: $95,382

Condors

5 vs 5 Forward 
   Center                   Left Wing                Right Wing               Time % Phy DF OF 
 1 Bill Arnold              Ken Agostino             Reid Boucher             33     1   2  2  
 2 Tyler Graovac            Michael Mersch           Kris Newbury             31     1   2  2  
 3 Rob Bordson              Turner Elson             Kevin Goumas             31     1   2  2  
 4 Pat Cannone              Teemu Pulkkinen          Kevin Goumas             5      1   2  2  

5 vs 5 Defense 
   Defense                  Defense                                           Time % Phy DF OF 
 1 Steven Kampfer           Anthony Bitetto                                   30     1   2  2  
 2 Tommy Cross              Jeremie Blain                                     30     1   2  2  
 3 John Negrin              Ryan Parent                                       30     1   2  2  
 4 Daniel New               Steven Kampfer                                    10     1   2  2  

PowerPlay Forward 
   Center                   Left Wing                Right Wing               Time % Phy DF OF 
 1 Michael Mersch           Teemu Pulkkinen          Reid Boucher             60     1   2  2  
 2 Tyler Graovac            Kris Newbury             Pat Cannone              40     1   2  2  

PowerPlay Defense
   Defense                  Defense                                           Time % Phy DF OF 
 1 Steven Kampfer           Anthony Bitetto                                   60     1   2  2  
 2 Tommy Cross              Jeremie Blain                                     40     1   2  2  

Penalty Kill 4 Players Forward 
   Center                   Wing                     Time % Phy DF OF 
 1 Teemu Pulkkinen          Pat Cannone              60     1   2  2  
 2 Reid Boucher             Tyler Graovac            40     1   2  2  

Penalty Kill 4 Players Defense
   Defense                  Defense                  Time % Phy DF OF 
 1 Steven Kampfer           Anthony Bitetto          60     1   2  2  
 2 Tommy Cross              Jeremie Blain            40     1   2  2  

Penalty Kill - 3 Players Forward 
   Forward                                           Time % Phy DF OF 
 1 Teemu Pulkkinen                                   60     1   2  2  
 2 Reid Boucher                                      40     1   2  2  

Penalty Kill - 3 Players Defense
   Defense                  Defense                  Time % Phy DF OF 
 1 Steven Kampfer           Anthony Bitetto          60     1   2  2  
 2 Tommy Cross              Jeremie Blain            40     1   2  2  

4 vs 4 Forward 
   Center                   Wing                     Time % Phy DF OF 
 1 Teemu Pulkkinen          Pat Cannone              60     1   2  2  
 2 Reid Boucher             Tyler Graovac            40     1   2  2  

4 vs 4 Defense
   Defense                  Defense                  Time % Phy DF OF 
 1 Steven Kampfer           Anthony Bitetto          60     1   2  2  
 2 Tommy Cross              Jeremie Blain            40     1   2  2  

Last Minutes Offensive
   Center                   Left Wing                Right Wing               Defense                  Defense                  
   Tyler Graovac            Teemu Pulkkinen          Reid Boucher             Steven Kampfer           Anthony Bitetto          

Last Minutes Defensive
   Center                   Left Wing                Right Wing               Defense                  Defense                  
   Tyler Graovac            Teemu Pulkkinen          Reid Boucher             Steven Kampfer           Anthony Bitetto          

Goaltenders
Starting : Joe Cannata              
Backup : Ray Emery                

Extra Forwards
Normal : Rob Bordson, Turner Elson, Michael Mersch - PP : Rob Bordson, Turner Elson - PK : Michael Mersch
Extra Defensemen
Normal : John Negrin, Ryan Parent, Daniel New - PP : John Negrin - PK : Ryan Parent, Daniel New
Penalty Shots
Teemu Pulkkinen, Michael Mersch, Reid Boucher, Tyler Graovac, Pat Cannone

Ice Hogs

5 vs 5 Forward 
   Center                   Left Wing                Right Wing               Time % Phy DF OF 
 1 Tim Schaller             Matt Fraser              Seth Griffith            30     1   2  2  
 2 Travis Morin             Scott Wilson             Colin McDonald           25     1   2  2  
 3 Oscar Lindberg           Will Acton               Petr Straka              25     1   2  2  
 4 T.J. Tynan               Derek Hulak              Ryan Haggerty            20     1   2  2  

5 vs 5 Defense 
   Defense                  Defense                                           Time % Phy DF OF 
 1 Anton Volchenkov         Frank Corrado                                     30     1   2  2  
 2 Alexey Marchenko         Jean-Philippe Cote                                30     1   2  2  
 3 Viktor Svedberg          Mathieu Brodeur                                   30     1   2  2  
 4 Anton Volchenkov         Jean-Philippe Cote                                10     1   2  2  

PowerPlay Forward 
   Center                   Left Wing                Right Wing               Time % Phy DF OF 
 1 Tim Schaller             Matt Fraser              Seth Griffith            50     1   1  3  
 2 Travis Morin             Scott Wilson             Colin McDonald           50     1   1  3  

PowerPlay Defense
   Defense                  Defense                                           Time % Phy DF OF 
 1 Anton Volchenkov         Frank Corrado                                     50     0   2  3  
 2 Alexey Marchenko         Jean-Philippe Cote                                50     0   2  3  

Penalty Kill 4 Players Forward 
   Center                   Wing                     Time % Phy DF OF 
 1 Tim Schaller             Seth Griffith            50     1   3  1  
 2 Travis Morin             Oscar Lindberg           50     1   3  1  

Penalty Kill 4 Players Defense
   Defense                  Defense                  Time % Phy DF OF 
 1 Anton Volchenkov         Frank Corrado            50     1   4  0  
 2 Alexey Marchenko         Jean-Philippe Cote       50     1   4  0  

Penalty Kill - 3 Players Forward 
   Forward                                           Time % Phy DF OF 
 1 Colin McDonald                                    50     1   4  0  
 2 Tim Schaller                                      50     1   4  0  

Penalty Kill - 3 Players Defense
   Defense                  Defense                  Time % Phy DF OF 
 1 Anton Volchenkov         Frank Corrado            50     1   4  0  
 2 Alexey Marchenko         Jean-Philippe Cote       50     1   4  0  

4 vs 4 Forward 
   Center                   Wing                     Time % Phy DF OF 
 1 Oscar Lindberg           Petr Straka              50     1   2  2  
 2 Travis Morin             Colin McDonald           50     1   2  2  

4 vs 4 Defense
   Defense                  Defense                  Time % Phy DF OF 
 1 Viktor Svedberg          Mathieu Brodeur          50     1   2  2  
 2 Alexey Marchenko         Jean-Philippe Cote       50     1   2  2  

Last Minutes Offensive
   Center                   Left Wing                Right Wing               Defense                  Defense                  
   Tim Schaller             Matt Fraser              Colin McDonald           Jean-Philippe Cote       Frank Corrado            

Last Minutes Defensive
   Center                   Left Wing                Right Wing               Defense                  Defense                  
   Travis Morin             Tim Schaller             Seth Griffith            Anton Volchenkov         Jean-Philippe Cote       

Goaltenders
Starting : Yann Danis               
Backup : Ryan Faragher            

Extra Forwards
Normal : Colin McDonald, Oscar Lindberg, Matt Fraser - PP : Colin McDonald, Matt Fraser - PK : Scott Wilson
Extra Defensemen
Normal : Jean-Philippe Cote, Mathieu Brodeur, Anton Volchenkov - PP : Frank Corrado - PK : Jean-Philippe Cote, Anton Volchenkov
Penalty Shots
Travis Morin, Colin McDonald, Oscar Lindberg, Scott Wilson, Derek Hulak

% Time on Ice - Condors

Lines # - Real PCT - Wanted PCT - Time Play
Normal Forward
1 - 33% - 33% - 16:28
2 - 30% - 31% - 14:53
3 - 21% - 31% - 10:38
4 - 16% - 5% - 8:06
Normal Defense
1 - 28% - 30% - 14:05
2 - 29% - 30% - 14:39
3 - 32% - 30% - 16:08
4 - 10% - 10% - 5:13
PP Forward
1 - 51% - 60% - 3:02
2 - 49% - 40% - 2:55
PP Defense
1 - 52% - 60% - 3:07
2 - 48% - 40% - 2:50
PK Forward
1 - 94% - 60% - 3:44
2 - 6% - 40% - 0:14
PK Defense
1 - 59% - 60% - 2:20
2 - 41% - 40% - 1:38
PK3 Forward
1 - 0% - 60%
2 - 0% - 40%
PK3 Defense
1 - 0% - 60%
2 - 0% - 40%
44 Forward
1 - 93% - 60% - 4:39
2 - 7% - 40% - 0:21
44 Defense
1 - 58% - 60% - 2:54
2 - 42% - 40% - 2:06
Last Minute Offensive  - 0:00
Last Minute Defensive  - 0:00
Total
Forward - 65:00
Defense - 65:00

% Time on Ice - Ice Hogs

Lines # - Real PCT - Wanted PCT - Time Play
Normal Forward
1 - 27% - 30% - 13:31
2 - 23% - 25% - 11:41
3 - 24% - 25% - 12:10
4 - 25% - 20% - 12:43
Normal Defense
1 - 31% - 30% - 15:27
2 - 31% - 30% - 15:22
3 - 33% - 30% - 16:32
4 - 5% - 10% - 2:44
PP Forward
1 - 52% - 50% - 2:03
2 - 48% - 50% - 1:55
PP Defense
1 - 45% - 50% - 1:46
2 - 55% - 50% - 2:12
PK Forward
1 - 52% - 50% - 3:06
2 - 48% - 50% - 2:51
PK Defense
1 - 50% - 50% - 2:59
2 - 50% - 50% - 2:58
PK3 Forward
1 - 0% - 50%
2 - 0% - 50%
PK3 Defense
1 - 0% - 50%
2 - 0% - 50%
44 Forward
1 - 53% - 50% - 2:38
2 - 47% - 50% - 2:22
44 Defense
1 - 57% - 50% - 2:52
2 - 43% - 50% - 2:08
Last Minute Offensive  - 0:00
Last Minute Defensive  - 0:00
Total
Forward - 65:00
Defense - 65:00

Play by Play

1st period


0:01 of 1st period - Tim Schaller wins face-off versus Bill Arnold in neutral zone.
0:12 of 1st period - Snap shot by Reid Boucher.
0:12 of 1st period - Shot Blocked by Matt Fraser.
0:14 of 1st period - Slapshot by Steven Kampfer.
0:14 of 1st period - Shot Misses the Net.
0:16 of 1st period - Wrist shot by Bill Arnold.
0:16 of 1st period - Stopped by Yann Danis with a rebound.
0:18 of 1st period - Slapshot by Ken Agostino.
0:18 of 1st period - Shot Misses the Net.
0:23 of 1st period - Icing by Tim Schaller.
0:24 of 1st period - Tyler Graovac wins face-off versus Seth Griffith in Ice Hogs zone.
1:36 of 1st period - Scott Wilson is hit by Jeremie Blain and loses puck.
1:41 of 1st period - Snap shot by Rob Bordson.
1:41 of 1st period - Deflect By Turner Elson.
1:41 of 1st period - Stopped by Yann Danis with a rebound.
3:22 of 1st period - T.J. Tynan is hit by Michael Mersch and loses puck.
3:48 of 1st period - Wrist shot by Rob Bordson.
3:48 of 1st period - Stopped by Yann Danis with a rebound.
4:41 of 1st period - Slapshot by Anton Volchenkov.
4:41 of 1st period - Shot Misses the Net.
4:47 of 1st period - Jean-Philippe Cote is hit by Jeremie Blain and loses puck.
4:54 of 1st period - Minor Penalty to Jean-Philippe Cote for Elbowing.
4:55 of 1st period - Tim Schaller wins face-off versus Michael Mersch in Ice Hogs zone.
5:20 of 1st period - Slapshot by Tim Schaller.
5:20 of 1st period - Stopped by Joe Cannata with a rebound.
5:22 of 1st period - Slapshot by Anton Volchenkov.
5:22 of 1st period - Shot Misses the Net.
5:48 of 1st period - Jeremie Blain is hit by Anton Volchenkov and loses puck.
6:35 of 1st period - Rob Bordson is hit by Alexey Marchenko and loses puck.
6:39 of 1st period - Icing by Jeremie Blain.
6:40 of 1st period - Rob Bordson wins face-off versus Travis Morin in Condors zone.
6:47 of 1st period - Oscar Lindberg is hit by Tommy Cross and loses puck.
6:54 of 1st period - Penalty to Jean-Philippe Cote is over, Jean-Philippe Cote is back on ice.
6:58 of 1st period - Kris Newbury is hit by Travis Morin.
8:13 of 1st period - Steven Kampfer is hit by Tim Schaller.
8:59 of 1st period - Snap shot by Colin McDonald.
8:59 of 1st period - Stopped by Joe Cannata with a rebound.
9:11 of 1st period - Will Acton is hit by Steven Kampfer and loses puck.
9:24 of 1st period - Jeremie Blain is hit by Anton Volchenkov.
9:44 of 1st period - Tyler Graovac is hit by Anton Volchenkov and loses puck.
10:45 of 1st period - Wrist shot by T.J. Tynan.
10:45 of 1st period - Deflect By Derek Hulak.
10:45 of 1st period - Shot Misses the Net.
10:45 of 1st period - Puck is out of play.
10:46 of 1st period - T.J. Tynan wins face-off versus Rob Bordson in Condors zone.
11:06 of 1st period - Off-side.
11:07 of 1st period - Michael Mersch wins face-off versus Tim Schaller in neutral zone.
11:10 of 1st period - Jean-Philippe Cote is hit by Steven Kampfer and loses puck.
11:20 of 1st period - Slapshot by Alexey Marchenko.
11:20 of 1st period - Deflect By Matt Fraser.
11:20 of 1st period - Shot Misses the Net.
11:20 of 1st period - Puck is out of play.
11:21 of 1st period - Seth Griffith wins face-off versus Tyler Graovac in Condors zone.
11:30 of 1st period - Wrist shot by Seth Griffith.
11:30 of 1st period - Shot Misses the Net.
11:32 of 1st period - Slapshot by Matt Fraser.
11:32 of 1st period - Shot Misses the Net.
11:36 of 1st period - Slapshot by Seth Griffith.
11:36 of 1st period - Stopped by Joe Cannata without a rebound.
11:37 of 1st period - Travis Morin wins face-off versus Bill Arnold in Condors zone.
12:24 of 1st period - Mathieu Brodeur is hit by Ryan Parent and loses puck.
14:31 of 1st period - Kevin Goumas is hit by Viktor Svedberg and loses puck.
14:36 of 1st period - Snap shot by Colin McDonald.
14:36 of 1st period - Shot Misses the Net.
15:00 of 1st period - Wrist shot by Tyler Graovac.
15:00 of 1st period - Shot Misses the Net.
15:56 of 1st period - T.J. Tynan is hit by Michael Mersch and loses puck.
16:24 of 1st period - Frank Corrado is hit by Turner Elson and loses puck.
17:03 of 1st period - Off-side.
17:04 of 1st period - Tim Schaller wins face-off versus Bill Arnold in neutral zone.
17:13 of 1st period - Wrist shot by Reid Boucher.
17:13 of 1st period - Stopped by Yann Danis with a rebound.
18:13 of 1st period - Travis Morin is hit by Kris Newbury and loses puck.
18:47 of 1st period - Slapshot by Frank Corrado.
18:47 of 1st period - Stopped by Joe Cannata without a rebound.
18:48 of 1st period - Oscar Lindberg wins face-off versus Pat Cannone in Condors zone.
19:48 of 1st period - Turner Elson is hit by Derek Hulak and loses puck.
19:59 of 1st period - Viktor Svedberg is hit by Kevin Goumas and loses puck.
Goals for this period are 0 for Condors vs 0 for Ice Hogs.
Shots for this period are 4 for Condors vs 4 for Ice Hogs.

2nd period


0:01 of 2nd period - Tim Schaller wins face-off versus Turner Elson in neutral zone.
0:06 of 2nd period - Turner Elson is hit by Tim Schaller and loses puck.
0:15 of 2nd period - Slapshot by Matt Fraser.
0:15 of 2nd period - Shot Misses the Net.
0:54 of 2nd period - Wrist shot by Bill Arnold.
0:54 of 2nd period - Shot Misses the Net.
1:23 of 2nd period - Minor Penalty to Travis Morin for Delaying the game.
1:24 of 2nd period - Scott Wilson wins face-off versus Tyler Graovac in Ice Hogs zone.
1:48 of 2nd period - Snap shot by Pat Cannone.
1:48 of 2nd period - Deflect By Kris Newbury.
1:48 of 2nd period - Shot Misses the Net.
1:48 of 2nd period - Puck is out of play.
1:49 of 2nd period - Scott Wilson wins face-off versus Michael Mersch in Ice Hogs zone.
2:45 of 2nd period - Will Acton is hit by Anthony Bitetto and loses puck.
2:52 of 2nd period - Snap shot by Pat Cannone.
2:52 of 2nd period - Shot Misses the Net.
3:02 of 2nd period - Snap shot by Kris Newbury.
3:02 of 2nd period - Deflect By Tyler Graovac.
3:02 of 2nd period - Shot Misses the Net.
3:02 of 2nd period - Puck is out of play.
3:03 of 2nd period - Tyler Graovac wins face-off versus Tim Schaller in Ice Hogs zone.
3:23 of 2nd period - Penalty to Travis Morin is over, Travis Morin is back on ice.
3:50 of 2nd period - Icing by John Negrin.
3:51 of 2nd period - T.J. Tynan wins face-off versus Rob Bordson in Condors zone.
4:36 of 2nd period - Snap shot by Reid Boucher.
4:36 of 2nd period - Shot Misses the Net.
4:38 of 2nd period - Snap shot by Bill Arnold.
4:38 of 2nd period - Stopped by Yann Danis without a rebound.
4:39 of 2nd period - Ken Agostino wins face-off versus Oscar Lindberg in Ice Hogs zone.
4:40 of 2nd period - Snap shot by Reid Boucher.
4:40 of 2nd period - Deflect By Bill Arnold.
4:40 of 2nd period - Shot Blocked by Anton Volchenkov.
4:40 of 2nd period - Puck is out of play.
4:41 of 2nd period - Oscar Lindberg wins face-off versus Bill Arnold in Ice Hogs zone.
4:48 of 2nd period - Wrist shot by Steven Kampfer.
4:48 of 2nd period - Stopped by Yann Danis without a rebound.
4:49 of 2nd period - Oscar Lindberg wins face-off versus Tyler Graovac in Ice Hogs zone.
5:46 of 2nd period - Snap shot by Reid Boucher.
5:46 of 2nd period - Stopped by Yann Danis without a rebound.
5:47 of 2nd period - Tim Schaller wins face-off versus Ken Agostino in Ice Hogs zone.
5:56 of 2nd period - Snap shot by Matt Fraser.
5:56 of 2nd period - Shot Misses the Net.
5:58 of 2nd period - Snap shot by Matt Fraser.
5:58 of 2nd period - Shot Blocked by Reid Boucher.
6:00 of 2nd period - Slapshot by Alexey Marchenko.
6:00 of 2nd period - Deflect By Bill Arnold.
6:00 of 2nd period - Stopped by Joe Cannata without a rebound.
6:01 of 2nd period - Rob Bordson wins face-off versus Tim Schaller in Condors zone.
6:25 of 2nd period - Icing by Rob Bordson.
6:26 of 2nd period - Rob Bordson wins face-off versus Travis Morin in Condors zone.
7:03 of 2nd period - Snap shot by Colin McDonald.
7:03 of 2nd period - Stopped by Joe Cannata with a rebound.
7:33 of 2nd period - Slapshot by Kris Newbury.
7:33 of 2nd period - Shot Blocked by Viktor Svedberg.
7:39 of 2nd period - Michael Mersch is hit by T.J. Tynan and loses puck.
7:44 of 2nd period - Slapshot by Derek Hulak.
7:44 of 2nd period - Deflect By Tyler Graovac.
7:44 of 2nd period - Shot Misses the Net.
7:44 of 2nd period - Puck is out of play.
7:45 of 2nd period - Bill Arnold wins face-off versus Seth Griffith in Condors zone.
8:01 of 2nd period - Jeremie Blain is hit by Matt Fraser.
8:20 of 2nd period - Off-side.
8:21 of 2nd period - Tyler Graovac wins face-off versus Oscar Lindberg in neutral zone.
9:08 of 2nd period - Snap shot by Travis Morin.
9:08 of 2nd period - Shot Blocked by Tyler Graovac.
9:20 of 2nd period - Snap shot by Scott Wilson.
9:20 of 2nd period - Shot Misses the Net.
9:22 of 2nd period - Wrist shot by Alexey Marchenko.
9:22 of 2nd period - Deflect By Scott Wilson.
9:22 of 2nd period - Stopped by Joe Cannata with a rebound.
9:24 of 2nd period - Slapshot by Colin McDonald.
9:24 of 2nd period - Shot Blocked by Michael Mersch.
9:24 of 2nd period - Michael Mersch from Condors is injured at 9:24 of 2nd period (Torso).
9:25 of 2nd period - Tim Schaller wins face-off versus Bill Arnold in Condors zone.
9:28 of 2nd period - Snap shot by Seth Griffith.
9:28 of 2nd period - Shot Misses the Net.
9:30 of 2nd period - Slapshot by Jean-Philippe Cote.
9:30 of 2nd period - Shot Misses the Net.
9:32 of 2nd period - Slapshot by Alexey Marchenko.
9:32 of 2nd period - Deflect By Jeremie Blain.
9:32 of 2nd period - Stopped by Joe Cannata with a rebound.
9:34 of 2nd period - Wrist shot by Alexey Marchenko.
9:34 of 2nd period - Shot Blocked by Tommy Cross.
9:36 of 2nd period - Slapshot by Matt Fraser.
9:36 of 2nd period - Shot Blocked by Jeremie Blain.
9:38 of 2nd period - Snap shot by Matt Fraser.
9:38 of 2nd period - Shot Blocked by Jeremie Blain.
9:40 of 2nd period - Slapshot by Alexey Marchenko.
9:40 of 2nd period - Deflect By Matt Fraser.
9:40 of 2nd period - Shot Misses the Net.
9:40 of 2nd period - Puck is out of play.
9:41 of 2nd period - Bill Arnold wins face-off versus Tim Schaller in Condors zone.
9:41 of 2nd period - Bill Arnold is hit by Jean-Philippe Cote.
9:49 of 2nd period - Snap shot by Seth Griffith.
9:49 of 2nd period - Goal by Seth Griffith - Condors : 0 - Ice Hogs : 1.
9:50 of 2nd period - Tim Schaller wins face-off versus Tyler Graovac in neutral zone.
10:05 of 2nd period - Wrist shot by Seth Griffith.
10:05 of 2nd period - Deflect By Matt Fraser.
10:05 of 2nd period - Stopped by Joe Cannata with a rebound.
10:07 of 2nd period - Wrist shot by Seth Griffith.
10:07 of 2nd period - Stopped by Joe Cannata with a rebound.
10:34 of 2nd period - Icing by Frank Corrado.
10:35 of 2nd period - Tim Schaller wins face-off versus Bill Arnold in Ice Hogs zone.
10:46 of 2nd period - Icing by Frank Corrado.
10:47 of 2nd period - Tim Schaller wins face-off versus Bill Arnold in Ice Hogs zone.
11:11 of 2nd period - Snap shot by Colin McDonald.
11:11 of 2nd period - Stopped by Joe Cannata with a rebound.
11:13 of 2nd period - Snap shot by Scott Wilson.
11:13 of 2nd period - Deflect By Colin McDonald.
11:13 of 2nd period - Stopped by Joe Cannata with a rebound.
11:15 of 2nd period - Slapshot by Travis Morin.
11:15 of 2nd period - Shot Misses the Net.
11:17 of 2nd period - Slapshot by Travis Morin.
11:17 of 2nd period - Stopped by Joe Cannata with a rebound.
12:48 of 2nd period - Wrist shot by Derek Hulak.
12:48 of 2nd period - Stopped by Joe Cannata without a rebound.
12:49 of 2nd period - Pat Cannone wins face-off versus Matt Fraser in Condors zone.
12:58 of 2nd period - Pat Cannone is hit by Frank Corrado and loses puck.
13:07 of 2nd period - Wrist shot by Seth Griffith.
13:07 of 2nd period - Shot Misses the Net.
13:09 of 2nd period - Slapshot by Anton Volchenkov.
13:09 of 2nd period - Stopped by Joe Cannata without a rebound.
13:10 of 2nd period - Bill Arnold wins face-off versus T.J. Tynan in Condors zone.
13:21 of 2nd period - Steven Kampfer is hit by Viktor Svedberg and loses puck.
13:36 of 2nd period - Wrist shot by T.J. Tynan.
13:36 of 2nd period - Shot Misses the Net.
13:38 of 2nd period - Slapshot by Viktor Svedberg.
13:38 of 2nd period - Shot Misses the Net.
13:40 of 2nd period - Slapshot by Mathieu Brodeur.
13:40 of 2nd period - Shot Misses the Net.
14:20 of 2nd period - Slapshot by Kris Newbury.
14:20 of 2nd period - Stopped by Yann Danis with a rebound.
14:24 of 2nd period - Snap shot by Rob Bordson.
14:24 of 2nd period - Shot Misses the Net.
14:32 of 2nd period - Wrist shot by Tyler Graovac.
14:32 of 2nd period - Shot Blocked by Viktor Svedberg.
14:34 of 2nd period - Wrist shot by Kris Newbury.
14:34 of 2nd period - Shot Misses the Net.
14:56 of 2nd period - John Negrin is hit by Anton Volchenkov and loses puck.
15:26 of 2nd period - Snap shot by Seth Griffith.
15:26 of 2nd period - Shot Blocked by John Negrin.
15:36 of 2nd period - Anton Volchenkov is hit by Ryan Parent and loses puck.
15:45 of 2nd period - Ryan Parent is hit by Jean-Philippe Cote and loses puck.
16:22 of 2nd period - Snap shot by Derek Hulak.
16:22 of 2nd period - Stopped by Joe Cannata with a rebound.
16:24 of 2nd period - Slapshot by Frank Corrado.
16:24 of 2nd period - Stopped by Joe Cannata with a rebound.
16:26 of 2nd period - Snap shot by Ryan Haggerty.
16:26 of 2nd period - Shot Blocked by Ryan Parent.
16:28 of 2nd period - Snap shot by Derek Hulak.
16:28 of 2nd period - Shot Blocked by Ryan Parent.
16:52 of 2nd period - Minor Penalty to Ryan Parent for Holding.
16:53 of 2nd period - Kris Newbury wins face-off versus Tim Schaller in Condors zone.
16:53 of 2nd period - Kris Newbury is hit by Matt Fraser.
17:15 of 2nd period - Snap shot by Kris Newbury.
17:15 of 2nd period - Stopped by Yann Danis with a rebound.
17:41 of 2nd period - Tommy Cross is hit by Travis Morin and loses puck.
18:09 of 2nd period - Wrist shot by Scott Wilson.
18:09 of 2nd period - Stopped by Joe Cannata without a rebound.
18:10 of 2nd period - Tim Schaller wins face-off versus Kris Newbury in Condors zone.
18:11 of 2nd period - Snap shot by Seth Griffith.
18:11 of 2nd period - Deflect By Matt Fraser.
18:11 of 2nd period - Shot Misses the Net.
18:11 of 2nd period - Puck is out of play.
18:12 of 2nd period - Kris Newbury wins face-off versus Tim Schaller in Condors zone.
18:39 of 2nd period - Steven Kampfer is hit by Colin McDonald and loses puck.
18:52 of 2nd period - Penalty to Ryan Parent is over, Ryan Parent is back on ice.
19:33 of 2nd period - Off-side.
19:34 of 2nd period - Bill Arnold wins face-off versus T.J. Tynan in neutral zone.
Goals for this period are 0 for Condors vs 1 for Ice Hogs.
Shots for this period are 5 for Condors vs 15 for Ice Hogs.

3rd period


0:01 of 3rd period - Turner Elson wins face-off versus Tim Schaller in neutral zone.
0:04 of 3rd period - Snap shot by Steven Kampfer.
0:04 of 3rd period - Goal by Steven Kampfer - Condors : 1 - Ice Hogs : 1.
0:05 of 3rd period - Tim Schaller wins face-off versus Rob Bordson in neutral zone.
0:38 of 3rd period - Seth Griffith is hit by Rob Bordson.
0:50 of 3rd period - Icing by Tommy Cross.
0:51 of 3rd period - Turner Elson wins face-off versus Travis Morin in Condors zone.
0:51 of 3rd period - Turner Elson is hit by Jean-Philippe Cote.
3:58 of 3rd period - Minor Penalty to Rob Bordson for Tripping.
3:59 of 3rd period - Teemu Pulkkinen wins face-off versus Travis Morin in Condors zone.
4:09 of 3rd period - Wrist shot by Teemu Pulkkinen.
4:09 of 3rd period - Stopped by Yann Danis with a rebound.
4:11 of 3rd period - Slapshot by Pat Cannone.
4:11 of 3rd period - Shot Blocked by Jean-Philippe Cote.
4:13 of 3rd period - Slapshot by Jeremie Blain.
4:13 of 3rd period - Shot Misses the Net.
4:39 of 3rd period - Tommy Cross is hit by Tim Schaller and loses puck.
4:52 of 3rd period - Wrist shot by Seth Griffith.
4:52 of 3rd period - Deflect By Pat Cannone.
4:52 of 3rd period - Stopped by Joe Cannata with a rebound.
4:54 of 3rd period - Wrist shot by Anton Volchenkov.
4:54 of 3rd period - Stopped by Joe Cannata without a rebound.
4:55 of 3rd period - Pat Cannone wins face-off versus Travis Morin in Condors zone.
5:14 of 3rd period - Snap shot by Teemu Pulkkinen.
5:14 of 3rd period - Stopped by Yann Danis with a rebound.
5:16 of 3rd period - Slapshot by Steven Kampfer.
5:16 of 3rd period - Shot Misses the Net.
5:58 of 3rd period - Penalty to Rob Bordson is over, Rob Bordson is back on ice.
6:27 of 3rd period - Will Acton is hit by Kris Newbury and loses puck.
6:59 of 3rd period - Ken Agostino is hit by Mathieu Brodeur and loses puck.
7:20 of 3rd period - Slapshot by Anton Volchenkov.
7:20 of 3rd period - Stopped by Joe Cannata with a rebound.
7:22 of 3rd period - Slapshot by Frank Corrado.
7:22 of 3rd period - Shot Misses the Net.
7:24 of 3rd period - Wrist shot by Derek Hulak.
7:24 of 3rd period - Shot Misses the Net.
7:28 of 3rd period - Snap shot by Derek Hulak.
7:28 of 3rd period - Stopped by Joe Cannata without a rebound.
7:29 of 3rd period - Tyler Graovac wins face-off versus Travis Morin in Condors zone.
8:18 of 3rd period - Slapshot by Oscar Lindberg.
8:18 of 3rd period - Shot Blocked by Tyler Graovac.
8:20 of 3rd period - Slapshot by Frank Corrado.
8:20 of 3rd period - Stopped by Joe Cannata without a rebound.
8:21 of 3rd period - T.J. Tynan wins face-off versus Bill Arnold in Condors zone.
8:34 of 3rd period - Slapshot by Derek Hulak.
8:34 of 3rd period - Stopped by Joe Cannata without a rebound.
8:35 of 3rd period - T.J. Tynan wins face-off versus Bill Arnold in Condors zone.
8:54 of 3rd period - Slapshot by Derek Hulak.
8:54 of 3rd period - Deflect By Ryan Haggerty.
8:54 of 3rd period - Stopped by Joe Cannata with a rebound.
9:28 of 3rd period - John Negrin is hit by Matt Fraser.
9:32 of 3rd period - Seth Griffith is hit by Steven Kampfer and loses puck.
9:39 of 3rd period - Wrist shot by Teemu Pulkkinen.
9:39 of 3rd period - Deflect By Alexey Marchenko.
9:39 of 3rd period - Stopped by Yann Danis without a rebound.
9:40 of 3rd period - Tyler Graovac wins face-off versus Travis Morin in Ice Hogs zone.
9:53 of 3rd period - Snap shot by Kris Newbury.
9:53 of 3rd period - Shot Misses the Net.
9:55 of 3rd period - Snap shot by Tyler Graovac.
9:55 of 3rd period - Shot Misses the Net.
10:12 of 3rd period - Off-side.
10:13 of 3rd period - Bill Arnold wins face-off versus Oscar Lindberg in neutral zone.
10:25 of 3rd period - Minor Penalty to Oscar Lindberg for Delaying the game.
10:26 of 3rd period - Rob Bordson wins face-off versus Tim Schaller in Ice Hogs zone.
10:53 of 3rd period - Frank Corrado is hit by Rob Bordson and loses puck.
11:08 of 3rd period - Snap shot by Seth Griffith.
11:08 of 3rd period - Shot Misses the Net.
11:14 of 3rd period - Anton Volchenkov is hit by Anthony Bitetto and loses puck.
11:42 of 3rd period - Slapshot by Reid Boucher.
11:42 of 3rd period - Shot Misses the Net.
11:44 of 3rd period - Backhand shot by Teemu Pulkkinen.
11:44 of 3rd period - Stopped by Yann Danis without a rebound.
11:45 of 3rd period - Travis Morin wins face-off versus Turner Elson in Ice Hogs zone.
12:14 of 3rd period - Snap shot by Seth Griffith.
12:14 of 3rd period - Shot Misses the Net.
12:18 of 3rd period - Snap shot by Tim Schaller.
12:18 of 3rd period - Stopped by Joe Cannata without a rebound.
12:19 of 3rd period - Tim Schaller wins face-off versus Rob Bordson in Condors zone.
12:25 of 3rd period - Penalty to Oscar Lindberg is over, Oscar Lindberg is back on ice.
12:48 of 3rd period - Turner Elson is hit by Tim Schaller and loses puck.
13:01 of 3rd period - Icing by Oscar Lindberg.
13:02 of 3rd period - Rob Bordson wins face-off versus Tim Schaller in Ice Hogs zone.
13:35 of 3rd period - Wrist shot by Tyler Graovac.
13:35 of 3rd period - Shot Misses the Net.
13:57 of 3rd period - Viktor Svedberg is hit by Bill Arnold and loses puck.
14:20 of 3rd period - Snap shot by Teemu Pulkkinen.
14:20 of 3rd period - Shot Blocked by Viktor Svedberg.
14:24 of 3rd period - Snap shot by Teemu Pulkkinen.
14:24 of 3rd period - Shot Misses the Net.
14:26 of 3rd period - Snap shot by Jeremie Blain.
14:26 of 3rd period - Stopped by Yann Danis with a rebound.
14:28 of 3rd period - Backhand shot by Pat Cannone.
14:28 of 3rd period - Stopped by Yann Danis without a rebound.
14:29 of 3rd period - Oscar Lindberg wins face-off versus Pat Cannone in Ice Hogs zone.
14:42 of 3rd period - Snap shot by Teemu Pulkkinen.
14:42 of 3rd period - Shot Misses the Net.
14:44 of 3rd period - Slapshot by Steven Kampfer.
14:44 of 3rd period - Stopped by Yann Danis with a rebound.
15:53 of 3rd period - Wrist shot by Derek Hulak.
15:53 of 3rd period - Stopped by Joe Cannata with a rebound.
16:11 of 3rd period - Backhand shot by Reid Boucher.
16:11 of 3rd period - Shot Blocked by Jean-Philippe Cote.
16:34 of 3rd period - Backhand shot by Pat Cannone.
16:34 of 3rd period - Shot Misses the Net.
16:47 of 3rd period - Matt Fraser is hit by John Negrin and loses puck.
17:54 of 3rd period - Snap shot by Steven Kampfer.
17:54 of 3rd period - Shot Misses the Net.
17:56 of 3rd period - Wrist shot by Daniel New.
17:56 of 3rd period - Shot Hit the Post.
18:21 of 3rd period - Icing by T.J. Tynan.
18:22 of 3rd period - T.J. Tynan wins face-off versus Tyler Graovac in Ice Hogs zone.
18:37 of 3rd period - Wrist shot by Kris Newbury.
18:37 of 3rd period - Shot Misses the Net.
18:39 of 3rd period - Snap shot by Kris Newbury.
18:39 of 3rd period - Shot Misses the Net.
18:41 of 3rd period - Slapshot by Turner Elson.
18:41 of 3rd period - Deflect By Kris Newbury.
18:41 of 3rd period - Stopped by Yann Danis with a rebound.
19:03 of 3rd period - Snap shot by Seth Griffith.
19:03 of 3rd period - Stopped by Joe Cannata with a rebound.
19:05 of 3rd period - Wrist shot by Tim Schaller.
19:05 of 3rd period - Stopped by Joe Cannata with a rebound.
19:07 of 3rd period - Slapshot by Frank Corrado.
19:07 of 3rd period - Shot Misses the Net.
19:09 of 3rd period - Slapshot by Anton Volchenkov.
19:09 of 3rd period - Deflect By Matt Fraser.
19:09 of 3rd period - Shot Misses the Net.
19:09 of 3rd period - Puck is out of play.
19:10 of 3rd period - Tyler Graovac wins face-off versus Matt Fraser in Condors zone.
Goals for this period are 1 for Condors vs 0 for Ice Hogs.
Shots for this period are 9 for Condors vs 11 for Ice Hogs.

Overtime #1


0:01 of 1st overtime period - Oscar Lindberg wins face-off versus Teemu Pulkkinen in neutral zone.
0:04 of 1st overtime period - Wrist shot by Oscar Lindberg.
0:04 of 1st overtime period - Stopped by Joe Cannata with a rebound.
0:10 of 1st overtime period - Petr Straka is hit by Anthony Bitetto and loses puck.
0:15 of 1st overtime period - Slapshot by Teemu Pulkkinen.
0:15 of 1st overtime period - Stopped by Yann Danis without a rebound.
0:16 of 1st overtime period - Teemu Pulkkinen wins face-off versus Oscar Lindberg in Ice Hogs zone.
0:39 of 1st overtime period - Wrist shot by Petr Straka.
0:39 of 1st overtime period - Deflect By Oscar Lindberg.
0:39 of 1st overtime period - Stopped by Joe Cannata with a rebound.
1:23 of 1st overtime period - Slapshot by Alexey Marchenko.
1:23 of 1st overtime period - Deflect By Jeremie Blain.
1:23 of 1st overtime period - Stopped by Joe Cannata with a rebound.
2:19 of 1st overtime period - Snap shot by Travis Morin.
2:19 of 1st overtime period - Stopped by Joe Cannata with a rebound.
2:42 of 1st overtime period - Slapshot by Steven Kampfer.
2:42 of 1st overtime period - Stopped by Yann Danis without a rebound.
2:43 of 1st overtime period - Oscar Lindberg wins face-off versus Teemu Pulkkinen in Ice Hogs zone.
3:06 of 1st overtime period - Travis Morin is hit by Steven Kampfer and loses puck.
3:23 of 1st overtime period - Wrist shot by Steven Kampfer.
3:23 of 1st overtime period - Shot Misses the Net.
3:40 of 1st overtime period - Anthony Bitetto is hit by Viktor Svedberg and loses puck.
3:50 of 1st overtime period - Icing by Mathieu Brodeur.
3:51 of 1st overtime period - Kris Newbury wins face-off versus Colin McDonald in Ice Hogs zone.
3:54 of 1st overtime period - Wrist shot by Pat Cannone.
3:54 of 1st overtime period - Shot Misses the Net.
4:02 of 1st overtime period - Tommy Cross is hit by Travis Morin and loses puck.
4:54 of 1st overtime period - Snap shot by Reid Boucher.
4:54 of 1st overtime period - Deflect By Tyler Graovac.
4:54 of 1st overtime period - Shot Blocked by Travis Morin.
4:54 of 1st overtime period - Puck is out of play.
4:55 of 1st overtime period - Oscar Lindberg wins face-off versus Reid Boucher in Ice Hogs zone.
Goals for this period are 0 for Condors vs 0 for Ice Hogs.
Shots for this period are 2 for Condors vs 4 for Ice Hogs.

ShootOut


5:00 of 1st overtime period - Penalty Shot by Teemu Pulkkinen for Condors.
5:00 of 1st overtime period - Backhand shot by Teemu Pulkkinen.
5:00 of 1st overtime period - Stopped by Yann Danis.
5:00 of 1st overtime period - Penalty Shot by Travis Morin for Ice Hogs.
5:00 of 1st overtime period - Backhand shot by Travis Morin.
5:00 of 1st overtime period - Shot Misses the Net.
5:00 of 1st overtime period - Penalty Shot by Reid Boucher for Condors.
5:00 of 1st overtime period - Deke by Reid Boucher.
5:00 of 1st overtime period - Stopped by Yann Danis.
5:00 of 1st overtime period - Penalty Shot by Colin McDonald for Ice Hogs.
5:00 of 1st overtime period - Wrist shot by Colin McDonald.
5:00 of 1st overtime period - Shot Misses the Net.
5:00 of 1st overtime period - Penalty Shot by Tyler Graovac for Condors.
5:00 of 1st overtime period - Backhand shot by Tyler Graovac.
5:00 of 1st overtime period - Goal by Tyler Graovac.
5:00 of 1st overtime period - Penalty Shot by Oscar Lindberg for Ice Hogs.
5:00 of 1st overtime period - Backhand shot by Oscar Lindberg.
5:00 of 1st overtime period - Shot Misses the Net.